 Dungeon Crawl Stone Soup version 0.29-a0-553-g81b289dbe5 (webtiles) character file.

Game seed: 3054505953320725154

2268 Querens the Blocker (level 9, 0/72 HPs)
             Began as a Formicid Fighter on June 7, 2022.
             Slain by Pikel
             ... wielding a +2 whip of electrocution
              (10 damage)
             ... on level 7 of the Dungeon.
             The game lasted 00:21:29 (4409 turns).

Querens the Blocker (Formicid Fighter)              Turns: 4409, Time: 00:21:30

Health: 0/72       AC: 10    Str: 25    XL:     9   Next: 65%
Magic:  9/9        EV:  9    Int:  8    God:
Gold:   398        SH: 11    Dex: 10    Spells: 8/8 levels left

rFire   . . .      SeeInvis +   a - +0 war axe
rCold   . . .      Faith    .   c - +0 buckler
rNeg    . . .      Spirit   .   b - +0 scale mail
rPois   .          Reflect  +   (helmet unavailable)
rElec   .          Harm     .   (no cloak)
rCorr   +          Rampage  .   q - +0 pair of gloves
Will    .....                   p - +0 pair of boots
Stlth   ..........              F - amulet of reflection
HPRegen 0.22/turn               d - ring of resist corrosion
MPRegen 0.11/turn               (no ring)

@: no status effects
A: permanent stasis, dig shafts and tunnels, antennae 3, four strong arms
a: Dig, Shaft Self


You were on level 7 of the Dungeon.
You visited 2 branches of the dungeon, and saw 8 of its levels.

You collected 398 gold pieces.

Inventory:

Hand Weapons
 a - a +0 war axe (weapon)
Missiles
 D - 12 poisoned darts
Armour
 b - a +0 scale mail (worn)
 c - a +0 buckler (worn)
 p - a +0 pair of boots (worn)
 q - a +0 pair of gloves (worn)
Jewellery
 d - a ring of resist corrosion (left hand)
 g - a +6 ring of intelligence
 z - a ring of flight
 F - an amulet of reflection (around neck)
Wands
 B - a wand of polymorph (3)
Scrolls
 f - a scroll of torment {unknown}
 l - a scroll of brand weapon {unknown}
 r - 2 scrolls of immolation
 s - 2 scrolls of magic mapping
 x - a scroll of fog {unknown}
 C - a scroll of summoning {unknown}
 E - a scroll of poison {unknown}
Potions
 e - 2 potions of lignification {unknown}
 h - a potion of curing
 k - 4 potions of brilliance
 m - a potion of attraction {unknown}
 n - 2 potions of heal wounds
 o - a potion of might
 t - 2 potions of magic {unknown}
 u - 2 potions of berserk rage {unknown}
 w - a potion of flight {unknown}
 A - a potion of ambrosia {unknown}


   Skills:
 + Level 7.4 Fighting
 + Level 6.4 Axes
 + Level 7.5 Armour
 + Level 9.0 Shields


You had 8 spell levels left.
You didn't know any spells.
Your spell library contained the following spells:

 Spells                   Type           Power      Damage    Failure   Level
 Poisonous Vapours        Pois/Air       0%         N/A       86%         2
 Ozocubu's Armour         Ice            0%         N/A       97%         3
 Corpse Rot               Necr/Pois/Air  0%         N/A       100%        4
 Metabolic Englaciation   Hex/Ice        0%         N/A       100%        5
 Simulacrum               Ice/Necr       0%         N/A       100%        6


Dungeon Overview and Level Annotations

Branches:
Dungeon (7/15)             Temple (1/1) D:6

Altars:
Ashenzari
Cheibriados
Dithmenos
Elyvilon
Fedhas
Hepliaklqana
Kikubaaqudgha
Makhleb
Qazlal
Ru
Sif Muna
Trog
Uskayaw
Vehumet
Wu Jian
Xom
Yredelemnul
Zin
The Shining One
Ignis

Annotations:
D:5 2 transporters
D:7 1 transporter, Pikel; stabb's ghost, novice DsFE


Innate Abilities, Weirdness & Mutations

You cannot be hasted, slowed, berserked, paralysed or teleported.
You can dig through walls and to a lower floor.
You have a pair of large antennae on your head. (SInv)
Your four strong arms can wield two-handed weapons with a shield.


Message History

The jelly hits you.
You are splashed with acid.
You resist. The jelly hits you but does no damage.
You hit the jelly.
Your hands burn!
The jelly is severely wounded.
The jelly hits you but does no damage.
You slash the jelly!
You kill the jelly!
Your Shields skill increases to level 9!
You now have 398 gold pieces (gained 12).
Found 16 gold pieces.
Found a potion of curing.
A lemure comes into view.
The lemure shouts!
Pikel, Merchant of Souls comes into view.
He is wielding a +2 whip of electrocution.
Found a potion of curing and 2 scrolls of identify.
Pikel shouts!
You hear a shout! x2
A lemure comes into view.
You hear a shout!
You see here a potion of curing.
A lemure comes into view.
You see here a potion of curing.
h - a potion of curing Pikel says, "All the demons know me.
They respect me."
You hit the lemure but do no damage. You block the lemure's attack.
A lemure comes into view.
You barely miss the lemure. You block the lemure's attack.
You hit the lemure.
The lemure is lightly wounded.
The lemure barely misses you.
You barely miss Pikel. You block Pikel's attack.
You closely miss Pikel.
Pikel hits you with a +2 whip of electrocution.
You are electrocuted!
You barely miss Pikel. Pikel hits you but does no damage.
You are electrocuted!
* * * LOW HITPOINT WARNING * * *
You hit Pikel.
Pikel is lightly wounded.
Pikel says, "Hell isn't that bad."
Pikel hits you with a +2 whip of electrocution!
You die...

#....# #.#
#....# #.#
#....###.####
#...........#
#....#..#.#..#
#######...#
$$.#
###.####.# ..
#....# . # #.#
#@##..... .#..
#K# #.#. ...
#5####.# #.
#55...!# .####
#5.###..?
..... #.## ..#
..# ...#


You could see Pikel and 4 lemures.

Vanquished Creatures
  Sigmund (D:2)
  2 water moccasins (D:6)
  A black bear (D:6)
  2 sky beasts (D:7)
  An ice beast (D:7)
  An ogre (D:5)
  A centaur (D:7)
  2 phantoms (D:5)
  A bullfrog (D:7)
  5 scorpions
  A necrophage (D:6)
  A howler monkey (D:5)
  2 jellies
  3 hounds (D:6)
  4 orc priests
  2 gnoll shamans
  4 iguanas
  Jessica (D:3)
  4 orc wizards
  3 gnolls (D:6)
  8 adders
  A shadow imp (D:5)
  2 white imps
  3 ufetubi
  2 worms
  7 orcs
  6 endoplasms
  A giant cockroach (D:2)
  6 goblins
  9 hobgoblins
  2 quokkas
  3 ball pythons
  2 bats
  3 frilled lizards
  8 kobolds
105 creatures vanquished.

Vanquished Creatures (others)
  4 plants (D:1)
4 creatures vanquished.

Grand Total: 109 creatures vanquished

Notes
Turn   | Place    | Note
-------+----------+-------------------------------------------
     0 | D:1      | Querens the Formicid Fighter began the quest for the Orb.
     0 | D:1      | Reached XP level 1. HP: 18/18 MP: 1/1
   263 | D:1      | Reached XP level 2. HP: 20/24 MP: 2/2
   476 | D:2      | Reached XP level 3. HP: 29/29 MP: 3/3
   559 | D:2      | Noticed Sigmund
   568 | D:2      | Killed Sigmund
   569 | D:2      | Reached skill level 5 in Shields
   569 | D:2      | Reached XP level 4. HP: 26/38 MP: 4/4
   569 | D:2      | Reached XP level 5. HP: 30/43 MP: 5/5
   569 | D:2      | Reached XP level 6. HP: 34/49 MP: 6/6
   946 | D:3      | Found a hazy altar of Hepliaklqana.
   959 | D:3      | Found a bloodstained altar of Trog.
   972 | D:3      | Found a faded altar of an unknown god.
  1150 | D:3      | Found an ancient bone altar of Kikubaaqudgha.
  1348 | D:3      | Found a shadowy altar of Dithmenos.
  1359 | D:3      | Found a glowing silver altar of Zin.
  1467 | D:3      | Noticed Jessica
  1471 | D:3      | Killed Jessica
  2156 | D:4      | Reached XP level 7. HP: 44/55 MP: 7/7
  2206 | D:4      | Reached skill level 5 in Fighting
  2206 | D:4      | Reached skill level 6 in Shields
  2486 | D:5      | Entered Level 5 of the Dungeon
  2504 | D:5      | Reached skill level 5 in Armour
  2799 | D:5      | Reached XP level 8. HP: 24/63 MP: 4/8
  2851 | D:5      | Found a transporter.
  2904 | D:5      | Found a transporter.
  2906 | D:5      | Noticed a fire bat
  2960 | D:5      | Reached skill level 7 in Shields
  3144 | D:6      | Reached skill level 5 in Axes
  3309 | D:6      | Found a shimmering altar of Xom.
  3689 | D:6      | Found a staircase to the Ecumenical Temple.
  3698 | Temple   | Entered the Ecumenical Temple
  3813 | D:6      | Reached XP level 9. HP: 34/71 MP: 9/9
  3852 | D:6      | Reached skill level 8 in Shields
  4290 | D:7      | Found a transporter.
  4304 | D:7      | Noticed stabb's ghost (novice DsFE)
  4316 | D:7      | Found a sacrificial altar of Ru.
  4374 | D:7      | Reached skill level 9 in Shields
  4396 | D:7      | Noticed Pikel
  4409 | D:7      | Slain by Pikel

Illustrated notes

Levels and vault maps discovered:
D:1:      matt_arrival_los_fun, layout_loops_cross, serial_bayou,
          serial_bayou_pond_e, serial_bayou_pond_e, serial_bayou_ford_a,
          serial_bayou_crossing
D:2:      layout_rooms, uniq_sigmund
D:3:      minmay_evil_eye, layout_basic, nicolae_overflow_quartered_altars,
          mainiacjoe_overflow_24_doors, basic_ecumenical_altar, uniq_jessica
D:4:      layout_layer_cave, minmay_diced_spiral
D:5:      gammafunk_cloud_chamber, layout_cave_pools, minivault_25, st_stairs_3,
          dreamdust_princess_bridge
D:6:      layout_basic, general_overflow_altar, minmay_temple_entry_mist
D:7:      layout_rooms, nicolae_ru_great_annihilating_truth,
          gammafunk_ghost_stat_death, serial_shops, nicolae_shop_statue_plus,
          uniq_pikel
Temple:   pdpol_scorched_temple

Skill      XL: |  1  2  3  4  5  6  7  8  9 |
---------------+----------------------------+-----
Fighting       | 4 5 6 7 |  7.4
Axes           | 3 4 5 6 |  6.4
Armour         | 4 5 6 7 |  7.5
Shields        | 5 6 7 9 |  9.0

Action                   |  1- 3 |  4- 6 |  7- 9 || total
-------------------------+-------+-------+-------++-------
Melee: War axe           |    55 |    93 |   312 ||   460
 Abil: Dig               |       |     1 |       ||     1
Evoke: Wand              |       |       |     4 ||     4
  Use: Potion            |     1 |       |     8 ||     9
       Scroll            |       |       |     6 ||     6
 Stab: Paralysed         |       |       |     1 ||     1
Armor: Scale mail        |    24 |    33 |   164 ||   221
Dodge: Dodged            |    22 |    50 |   124 ||   196
Block: Buckler           |    10 |    23 |   173 ||   206

Table legend: (Time is in decaauts)
 A = Elapsed time spent in this place.
 B = Non-inter-level travel time spent in this place.
 C = Inter-level travel time spent in this place.
 D = Time resting spent in this place.
 E = Time spent auto-exploring this place.
 F = Levels seen in this place.
 G = Mean time per level.
                   A        B        C        D        E       F      G
               +--------+--------+--------+--------+--------+-----+--------+
         Total |   4562 |   4450 |    112 |    247 |      0 |   8 |  570.2 |
       Dungeon |   4519 |   4407 |    112 |    247 |      0 |   7 |  645.6 |
        Temple |     42 |     42 |      0 |      0 |      0 |   1 |   42.0 |
               +--------+--------+--------+--------+--------+-----+--------+

Top non-repeatable levels by time:
     D:6: 989 daAuts
     D:4: 924 daAuts
     D:3: 791 daAuts
     D:5: 624 daAuts
     D:1: 494 daAuts
     D:2: 402 daAuts
     D:7: 293 daAuts
  Temple: 42 daAuts
